 Dungeon Crawl Stone Soup version 0.24.1-4-ge52af88ad5 (webtiles) character file.

Game seed: 17372935883029033899, levelgen mode: deterministic

2777 gruber the Spear-Bearer (level 9, -3/72 HPs)
             Began as a Merfolk Monk on Apr 12, 2020.
             Splashed by a centaur's acid (9 damage)
             ... on level 7 of the Dungeon.
             The game lasted 00:13:09 (7762 turns).

gruber the Spear-Bearer (Merfolk Monk)              Turns: 7762, Time: 00:13:10

Health: -3/72      AC:  0    Str: 13    XL:     9   Next: 70%
Magic:  9/9        EV: 22    Int:  9    God:
Gold:   433        SH:  0    Dex: 16    Spells: 8/8 levels left

rFire    + + +     SeeInvis +   a - +0 spear
rCold    . . .     Gourm    .   (no shield)
rNeg     + . .     Faith    .   F - +0 robe of Pride {rPois rF+++ Str-2 SInv Stlth+} (curse)
rPois    +         Spirit   .   r - +0 helmet
rElec    .         Reflect  .   g - +0 cloak
rCorr    .         Harm     .   (no gloves)
MR       .....                  (no boots)
Stlth    ++++......             q - amulet of the acrobat
HPRegen  0.22/turn              j - +3 ring of evasion
MPRegen  0.11/turn              o - ring of positive energy

@: corroded
A: change form in water, swift swim, stealthy swim
a: no special abilities


You were on level 7 of the Dungeon.
You were near starving.

You visited 2 branches of the dungeon, and saw 8 of its levels.

You collected 433 gold pieces.

Inventory:

Hand Weapons
 a - a +0 spear (weapon)
Missiles
 h - 6 poisoned darts (quivered)
 E - 5 curare-tipped darts
Armour
 g - a +0 cloak (worn)
 r - a +0 helmet (worn)
 v - cursed +0 ice dragon scales
 C - a +3 scale mail
 F - the cursed +0 robe of Pride (worn) {rPois rF+++ Str-2 SInv Stlth+}
   (You found it on level 7 of the Dungeon)

   It affects your strength (-2).
   It renders you almost immune to fire.
   It protects you from poison.
   It lets you see invisible.
   It makes you more stealthy.
   It has a curse placed upon it.
Jewellery
 j - a +3 ring of evasion (left hand)
 o - a ring of positive energy (right hand)
 q - an amulet of the acrobat (around neck)
Wands
 B - a wand of clouds (2)
 D - a wand of iceblast (19)
Scrolls
 b - a scroll of random uselessness {unknown}
 e - 4 scrolls of remove curse
 k - 4 scrolls of identify
 l - 4 scrolls of enchant weapon {unknown}
 m - 2 scrolls of amnesia {unknown}
 p - 2 scrolls of enchant armour {unknown}
 t - a scroll of teleportation {unknown}
 u - a scroll of fog {unknown}
 x - 2 scrolls of noise {unknown}
 y - 3 scrolls of magic mapping {unknown}
Potions
 d - 2 potions of resistance {unknown}
 f - 4 potions of curing
 i - 2 potions of agility {unknown}
 n - a potion of cancellation {unknown}
 s - 2 potions of heal wounds {unknown}
 w - a potion of degeneration {unknown}
 z - a potion of lignification {unknown}
 A - a potion of mutation {unknown}
Comestibles
 c - 10 rations


   Skills:
 - Level 7.0 Fighting
 - Level 10.0 Polearms
 - Level 4.0 Armour
 - Level 9.2 Dodging
 * Level 6.3 Stealth
 - Level 1.0 Evocations


You had 8 spell levels left.
You didn't know any spells.
Your spell library was empty.

Dungeon Overview and Level Annotations

Branches:
Dungeon (7/15)             Temple (1/1) D:5

Altars:
Ashenzari
Cheibriados
Dithmenos
Elyvilon
Gozag
Hepliaklqana
Kikubaaqudgha
Makhleb
Nemelex Xobeh
Okawaru
Qazlal
Ru
Sif Muna
Trog
Uskayaw
Vehumet
Wu Jian
Xom
Yredelemnul
Zin
The Shining One

Shops:
D:5 [   D:6 }


Message History

You hit the centaur.
The centaur is heavily wounded.
The centaur hits you with a +0 trident of venom.
You hit the centaur.
The centaur is severely wounded.
The centaur zaps a wand.
The bolt of acid hits you!
You are splashed with acid!!
You are too injured to fight recklessly!
You are too injured to fight recklessly!
You are too injured to fight recklessly!
Attack whom?
Press: ? - help, Dir - move target cursor, f/p - centaur
Aim: a centaur, wielding a +0 trident of venom, wearing an uncursed ring of ice and carrying a wand of acid (7) (severely wounded)
You hit the centaur.
The centaur is almost dead.
You are near starving!
The centaur zaps a wand.
The bolt of acid hits you!!
* * * LOW HITPOINT WARNING * * *
The acid corrodes you!
You are splashed with acid!
You die...

......#......#.......#....#...#..
......#......#.......#....+...'<.
......#'######.......###'######..
###...........................>..
..#..............................
..#..............................
..#................).............
..#..............c...............
..#.............@.......>........
.##..............................
.###'#.......##'#....#######+##..
.'...#.......#..'....#...+ ..
.#...'.......#).#....'...# ..
.#...#.......#..#....########+#..
.###'#.......#..###..............
.#...........#....#..............
.#...........#....#..............


You could see a centaur.

Vanquished Creatures
  A two-headed ogre (D:7)
  Sigmund (D:2)
  Edmund (D:5)
  2 ice beasts (D:5)
  2 phantoms
  A necrophage (D:6)
  An ogre (D:4)
  2 scorpions (D:4)
  9 killer bees (D:7)
  A howler monkey (D:5)
  3 crimson imps
  2 centaur skeletons (D:5)
  2 hounds (D:5)
  A gnoll shaman (D:6)
  An orc wizard (D:6)
  Natasha (twice) (D:2)
  A bullfrog skeleton (D:6)
  3 iguanas
  7 worker ants
  A hound skeleton (D:6)
  5 gnolls (D:6)
  7 adders
  A shadow imp (D:7)
  An adder skeleton (D:4)
  2 worms (D:2)
  A dart slug (D:2)
  A leopard gecko (D:5)
  5 orcs
  3 giant cockroaches
  7 goblins
  10 hobgoblins
  12 jackals
  3 quokkas
  3 bats
  7 frilled lizards
  14 kobolds
  5 rats
131 creatures vanquished.

Notes
Turn   | Place    | Note
-------+----------+-------------------------------------------
     0 | D:1      | gruber the Merfolk Monk began the quest for the Orb.
     0 | D:1      | Reached XP level 1. HP: 18/18 MP: 1/1
   353 | D:1      | Reached skill level 5 in Polearms
   436 | D:1      | Reached XP level 2. HP: 22/24 MP: 2/2
   784 | D:2      | Noticed Natasha
   859 | D:2      | Reached skill level 6 in Polearms
   859 | D:2      | Reached XP level 3. HP: 23/29 MP: 3/3
   938 | D:2      | Noticed Sigmund
  1024 | D:2      | Reached XP level 4. HP: 29/35 MP: 4/4
  1028 | D:2      | Reached skill level 7 in Polearms
  1460 | D:2      | Killed Sigmund
  1460 | D:2      | Reached skill level 9 in Polearms
  1460 | D:2      | Reached XP level 5. HP: 13/41 MP: 5/5
  1694 | D:2      | Found a faded altar of an unknown god.
  1734 | D:2      | Killed Natasha
  1734 | D:2      | Reached XP level 6. HP: 39/47 MP: 6/6
  1850 | D:2      | Noticed Natasha
  1858 | D:2      | Killed Natasha
  2159 | D:3      | Found a shimmering blue altar of Sif Muna.
  2306 | D:3      | Reached skill level 10 in Polearms
  2963 | D:4      | Reached skill level 5 in Dodging
  3100 | D:4      | Reached XP level 7. HP: 34/52 MP: 7/7
  3233 | D:4      | Found an opulent altar of Gozag.
  3275 | D:4      | Reached skill level 1 in Armour
  3294 | D:4      | Found a bloodstained altar of Trog.
  3369 | D:4      | Found a shattered altar of Ashenzari.
  3559 | D:5      | Entered Level 5 of the Dungeon
  3749 | D:5      | Found Raugyut's Armour Shoppe.
  3836 | D:5      | Reached skill level 1 in Evocations
  3966 | D:5      | Noticed Edmund
  3971 | D:5      | Killed Edmund
  4140 | D:5      | Found a sparkling altar of Nemelex Xobeh.
  4157 | D:5      | Reached XP level 8. HP: 48/58 MP: 8/8
  4159 | D:5      | Found a shadowy altar of Dithmenos.
  4321 | D:5      | Found a staircase to the Ecumenical Temple.
  4420 | Temple   | Entered the Ecumenical Temple
  5502 | D:6      | Reached skill level 5 in Fighting
  5908 | D:6      | Found a snail-covered altar of Cheibriados.
  6136 | D:6      | Found Dororex's Gadget Shop.
  6568 | D:7      | Got a dull robe
  6570 | D:7      | Identified the cursed +0 robe of Pride {rPois rF+++ Str-2
                  | SInv Stlth+} (You found it on level 7 of the Dungeon)
  6750 | D:7      | Reached XP level 9. HP: 62/71 MP: 9/9
  7376 | D:7      | Noticed a two-headed ogre
  7404 | D:7      | Killed a two-headed ogre
  7762 | D:7      | Splashed by a centaur's acid

Levels and vault maps discovered:
D:1:      dpeg_arrival_circle_labyrinth_c, layout_basic,
          chequers_serial_rivers_room_a, st_stairs_3
D:2:      layout_rooms, chequers_ecumenical_altar_island,
          minmay_tree_intersection, uniq_sigmund, uniq_natasha
D:3:      layout_loops_ring, nicolae_overflow_crystal_walls
D:4:      layout_rooms, kennysheep_little_box, bloody_trog,
          nicolae_gozag_seed_capital, first_ration
D:5:      layout_basic, grunt_temple_overflow_open,
          minmay_temple_entry_poolview, serial_shops, shop, uniq_edmund
D:6:      layout_loops_ring, kennysheep_mini, serial_shops, shop
D:7:      layout_gridville
Temple:   nicolae_temple_great_sept

Skill      XL: |  1  2  3  4  5  6  7  8  9 |
---------------+----------------------------+-----
Polearms       | 5 6 9 10 | 10.0
Dodging        | 5 6 9 |  9.2
Armour         | 3 4 |  4.0
Evocations     | 1 |  1.0
Fighting       | 7 |  7.0
Stealth        | 6 |  6.3

Action                   |  1- 3 |  4- 6 |  7- 9 || total
-------------------------+-------+-------+-------++-------
Melee: Spear             |   116 |   147 |   566 ||   829
Throw: Dart              |     5 |    27 |    27 ||    59
Evoke: Wand              |       |       |     5 ||     5
  Use: Scroll            |       |       |     2 ||     2
       Potion            |       |       |     2 ||     2
 Stab: Sleeping          |     2 |     5 |     8 ||    15
       Distracted        |     1 |     2 |     1 ||     4
       Confused          |       |       |    10 ||    10
  Eat: Chunk             |       |     6 |    11 ||    17
       Ration            |       |       |     1 ||     1
Armor: Robe              |    15 |     4 |    45 ||    64
Dodge: Dodged            |    74 |    47 |   331 ||   452
